 Dungeon Crawl Stone Soup version 0.18-a0-1390-gc02854d (webtiles) character file.

58 wvc the Skirmisher (level 4, -2/44 HPs)
             Began as a Naga Monk on Feb 22, 2016.
             Slain by Crazy Yiuf
             ... wielding a +4 quarterstaff of chaos
              (8 damage)
             ... on level 2 of the Dungeon.
             The game lasted 00:03:05 (1181 turns).

wvc the Skirmisher (Naga Monk)                      Turns: 1181, Time: 00:03:06

Health: -2/44      AC:  9    Str: 13    XL:     4   Next: 2%
Magic:  4/4        EV:  4    Int: 11    God:
Gold:   145        SH:  0    Dex: 14    Spells: 0 memorised, 3 levels left

rFire  . . .     SeeInvis +       - Unarmed
rCold  . . .     Gourm    .     d - +0 chain mail (curse)
rNeg   . . .     Faith    .     (no shield)
rPois  +         Spirit   .     h - +0 helmet
rElec  .         Dismiss  .     (no cloak)
rCorr  .         Reflect  .     e - +2 pair of gloves
SustAt .         Harm     .     (no barding)
MR     .....                    (no amulet)
Stlth  ..........               (no ring)
                                (no ring)

@: very slow, not resistant to hostile enchantments, extremely unstealthy
A: see invisible, deformed body, poison resistance, slowness 2, slow metabolism
1, spit poison 2, AC +1
a: Spit Poison


You were on level 2 of the Dungeon.
You were hungry.

You visited 1 branch of the dungeon, and saw 2 of its levels.

You collected 145 gold pieces.

Inventory:

Missiles
 g - 33 poisoned needles
Armour
 d - a cursed +0 chain mail (worn)
 e - a +2 pair of gloves (worn)
 h - a +0 helmet (worn)
 o - a mottled dragon hide
Scrolls
 c - a scroll of blinking {unknown}
 j - 2 scrolls of identify {unknown}
 l - a scroll of remove curse {unknown}
 m - 2 scrolls of random uselessness {unknown}
Potions
 f - a potion of brilliance {unknown}
 k - a potion of might {unknown}
 n - a potion of curing {unknown}
Comestibles
 b - 3 bread rations
 i - 3 fruits
 p - a chunk of flesh


   Skills:
 + Level 4.2 Fighting
 + Level 1.2 Armour
 - Level 2.5 Dodging
 - Level 3.0 Stealth
 - Level 4.0 Unarmed Combat


You had 3 spell levels left.
You didn't know any spells.

Dungeon Overview and Level Annotations

Branches:
Dungeon (2/15)

Altars:

Annotations:
D:2 exclusions: upstairs and 1 more exclusion, Crazy Yiuf


Innate Abilities, Weirdness & Mutations

You cannot wear boots.
Your serpentine skin is tough (AC +1).
You have supernaturally acute eyesight.
Armour fits poorly on your strangely shaped body.
Your system is resistant to poisons.
You cover ground very slowly.
You have a slow metabolism.
You can spit poison.


Message History

You hit Crazy Yiuf.
Crazy Yiuf is heavily wounded.
Crazy Yiuf yells, "Shower!
Shadow tea action."
Crazy Yiuf hits you with a quarterstaff of chaos!
Space warps horribly around you!
You hit Crazy Yiuf.
Crazy Yiuf is severely wounded.
Crazy Yiuf yells, "Cholesterol!
Ghoul ragdoll sallow."
Crazy Yiuf barely misses you.
You hit Crazy Yiuf.
Crazy Yiuf is severely wounded.
You completely miss Crazy Yiuf.
Crazy Yiuf is severely wounded.
You have got your breath back.
Crazy Yiuf hits you with a quarterstaff of chaos!
* * * LOW HITPOINT WARNING * * *
You hit Crazy Yiuf but do no damage.
Crazy Yiuf is severely wounded.
Crazy Yiuf hits you with a quarterstaff of chaos!
You die...

##.###.........#
#.##
#..##.........#
#..#
##.############
##.# ### #..#
#.## #<# ##.#
#..# #.####.# ###
♣♣###.# #......#
#((.# ♣♣)#.).#
###....#
#.....♣♣♣♣.[....#
#....#
♣g@♣.PP...##
#....#
♣♣♣.♣.)#.##
#....# ♣♣♣♣♣###
#....# #....#
#....# #....#


You could see Crazy Yiuf.

Vanquished Creatures
  Ijyb (D:2)
  An adder (D:2)
  A giant gecko (D:1)
  2 bats
  A giant cockroach (D:1)
  6 goblins
  3 hobgoblins
  3 giant newts
  A kobold (D:1)
  3 rats (D:1)
22 creatures vanquished.

Notes
Turn   | Place    | Note
--------------------------------------------------------------
     0 | D:1      | wvc the Naga Monk began the quest for the Orb.
     0 | D:1      | Reached XP level 1. HP: 21/21 MP: 1/1
   377 | D:1      | Reached XP level 2. HP: 28/28 MP: 2/2
   806 | D:2      | Reached XP level 3. HP: 25/36 MP: 3/3
  1131 | D:2      | Noticed Ijyb
  1158 | D:2      | Killed Ijyb
  1158 | D:2      | Reached skill level 1 in Armour
  1158 | D:2      | Reached XP level 4. HP: 36/44 MP: 4/4
  1171 | D:2      | Noticed Crazy Yiuf
  1181 | D:2      | Slain by Crazy Yiuf

Vault maps used:
D:1:      dpeg_arrival_fog
D:2:      hangedman_decor_diamond_cutter, uniq_crazy_yiuf_cottage, uniq_iyjb,
          uniq_natasha

Skill      XL: |  1  2  3 |
---------------+----------+-----
Fighting       | 4 |  4.2
Armour         | 1 |  1.2
Dodging        | |  2.5
Stealth        | |  3.0
Unarmed Combat | |  4.0

Action                   |  1- 3 |  4- 6 || total
-------------------------+-------+-------++-------
Melee: Unarmed           |   104 |     6 ||   110
Throw: Javelin           |       |     2 ||     2
 Abil: Spit Poison       |     2 |     2 ||     4
